 Dungeon Crawl Stone Soup version 0.31-a0-986-g5e6e4ef867 (webtiles) character file.

Game seed: 918423698783993058

177 promet the Magician (level 5, -1/28 HPs)
             Began as a Deep Elf Air Elementalist on Nov 21, 2023.
             Slain by an orc wizard
             ... wielding a +0 dagger
              (2 damage)
             ... on level 3 of the Dungeon.
             The game lasted 00:17:49 (4369 turns).

promet the Magician (Deep Elf Air Elementalist)     Turns: 4369, Time: 00:17:50

Health: -1/28      AC:  4    Str:  7    XL:     5   Next: 31%
Magic:  14/14      EV: 17    Int: 26    God:
Gold:   101        SH:  0    Dex: 15    Spells: 7/14 levels left

rFire   + . .        a - +3 mace (drain)
rCold   . . .        (no shield)
rNeg    . . .        d - +1 leather armour {rF+}
rPois   .            (no helmet)
rElec   .            (no cloak)
rCorr   .            (no gloves)
SInv    .            (no boots)
Will    .....        (no amulet)
Stlth   +            h - +5 ring of evasion
HPRegen 0.24/turn    q - +6 ring of intelligence
MPRegen 0.14/turn

%: no passive effects
@: confused, brilliant, lethally poisoned (-1 -> -7), hasted, very quick
A: no striking features
a: no special abilities


You were on level 3 of the Dungeon.
You visited 1 branch of the dungeon, and saw 3 of its levels.

You collected 101 gold pieces.

Inventory:

Hand Weapons
 a - a +3 mace of draining (weapon)
 n - a +1 short sword of protection
 p - a +0 spear
Missiles
 k - 20 stones (quivered)
Armour
 d - a +1 leather armour of fire resistance (worn)
Jewellery
 f - an amulet of faith
 h - a +5 ring of evasion (left hand)
 j - a +5 ring of evasion
 o - a ring of resist corrosion
 q - a +6 ring of intelligence (right hand)
Potions
 b - a potion of magic
 g - a potion of brilliance


   Skills:
 * Level 0.3 Fighting
 + Level 0.3 Short Blades
 + Level 2.5 Dodging
 + Level 3.4 Stealth
 + Level 5.0 Spellcasting
 + Level 2.8 Conjurations
 * Level 3.8 Air Magic


You had 7 spell levels left.
You knew the following spells:

 Your Spells              Type           Power      Damage    Failure   Level
a - Shock                 Conj/Air       100%       1d9       3%          1
b - Static Discharge      Conj/Air       70%        3-6/arc   4%          2
c - Airstrike             Air            19%        2d(3-19)  24%         4

Your spell library contained the following spells:

 Spells                   Type           Power      Damage    Failure   Level
 Kiss of Death            Conj/Necr      80%        2d11      6%          1
 Swiftness                Air            39%        N/A       7%          3
 Apportation              Tloc           18%        N/A       12%         1
 Jinxbite                 Hex            18%        N/A       17%         2
 Confusing Touch          Hex            9%         N/A       34%         3
 Frozen Ramparts          Ice            18%        1d3       34%         3
 Dispel Undead            Necr           9%         3d8       75%         4
 Petrify                  Tmut/Erth      9%         N/A       75%         4
 Alistair's Intoxication  Tmut/Pois      6%         N/A       97%         5
 Metabolic Englaciation   Hex/Ice        4%         N/A       97%         5


Dungeon Overview and Level Annotations

Branches:
Dungeon (3/15)

Altars:


Message History

The ball python constricts you. Something hits you.
You are more poisoned.
You're too confused to move!
You feel sick.
You miss something.
You feel very sick. The ball python barely misses you.
The ball python constricts you. Something hits you. The orc barely misses you.
Something barely misses you.
You barely miss the ball python.
You feel sick. The ball python closely misses you.
The ball python constricts you. Something hits you but does no damage.
The orc closely misses you. Something hits you but does no damage.
You are more poisoned.
The ball python closely misses you. The ball python constricts you.
You bump into the rock wall.
You feel very sick. The orc misses you. Something barely misses you.
Something hits you but does no damage.
You barely miss the orc.
The orc is almost dead.
You feel very sick. The ball python closely misses you.
The ball python constricts you. Something hits you but does no damage.
The orc hits you with a +0 whip. Something hits you.
* * * LOW HITPOINT WARNING * * *
The ball python barely misses you. The ball python constricts you.
Okay, then.
You're too confused to cast spells.
Sorry, you're not good enough to have a special ability.
You hit the ball python.
You kill the ball python!
* * * LOW HITPOINT WARNING * * *
You feel sick. Something completely misses you.
The orc grunts loudly.
The orc closely misses you.
You hear some strange, mumbled words.
You are more confused.
You barely miss the quokka.
* * * LOW HITPOINT WARNING * * *
You feel sick. The quokka closely misses you. Something hits you.
You die...

......#
.......#####
...........#
...........#
...........#
...........#
...........#
.........{.#
.........r@#
.........{o#
.......#####
.......
......#
..>... #....


You could see an orc and a quokka.

Vanquished Creatures
  Natasha (thrice) (D:2)
  Terence (D:2)
  An adder (D:2)
  3 dart slugs
  A worm (D:2)
  3 endoplasms (D:1)
  5 giant cockroaches
  3 goblins
  10 hobgoblins
  4 jackals (D:1)
  5 quokkas
  10 ball pythons
  2 bats (D:1)
  3 frilled lizards
  3 kobolds (D:1)
  5 rats
62 creatures vanquished.

Notes
Turn   | Place    | Note
-------+----------+-------------------------------------------
     0 | D:1      | promet the Deep Elf Air Elementalist began the quest for
                  | the Orb.
     0 | D:1      | Reached XP level 1. HP: 10/10 MP: 6/6
   237 | D:1      | Reached XP level 2. HP: 15/15 MP: 5/8
   625 | D:1      | Learned a level 2 spell: Static Discharge
   804 | D:1      | Reached XP level 3. HP: 19/19 MP: 7/10
  1323 | D:1      | Found a faded altar of an unknown god.
  2184 | D:2      | Identified the +1 leather armour of the Blessed Realm
                  | {*Corrode Int+3 Dex+2}
  2205 | D:2      | Reached skill level 4 in Spellcasting
  2688 | D:2      | Noticed Terence
  2699 | D:2      | Killed Terence
  2700 | D:2      | Reached XP level 4. HP: 16/24 MP: 0/12
  3044 | D:2      | Noticed Natasha
  3049 | D:2      | Killed Natasha
  3681 | D:2      | Learned a level 4 spell: Airstrike
  3807 | D:2      | Noticed Natasha
  3821 | D:2      | Killed Natasha
  3822 | D:2      | Reached XP level 5. HP: 27/28 MP: 8/14
  3901 | D:2      | Reached skill level 5 in Spellcasting
  3984 | D:2      | Noticed Natasha
  3989 | D:2      | Killed Natasha
  4369 | D:3      | HP: 1/28 [poisoned by an orc wizard]
  4369 | D:3      | Slain by an orc wizard

Illustrated notes

Levels and vault maps discovered:
D:1:      elethiomel_arrival_infinity_welcomes_careful_drivers, layout_basic,
          chequers_ecumenical_altar_grove
D:2:      layout_basic, kennysheep_generic_room_10, uniq_terence, uniq_natasha
D:3:      layout_rooms, serial_curves, eino_curves_04, eino_curves_01,
          gammafunk_ghost_necromancy, chequers_serial_rivers_room_b,
          kennysheep_generic_room_12

Skill      XL: |  1  2  3  4  5 |
---------------+----------------+-----
Stealth        | 3 |  3.4
Spellcasting   | 4 5 |  5.0
Conjurations   | 2 |  2.8
Fighting       | |  0.3
Short Blades   | |  0.3
Dodging        | |  2.5
Air Magic      | |  3.8

Action                     |  1- 3 |  4- 6 || total
---------------------------+-------+-------++-------
  Melee: Short sword       |    13 |       ||    13
         Mace              |       |    27 ||    27
  Throw: Stone             |       |     1 ||     1
   Cast: Shock             |    84 |    23 ||   107
         Static Discharge  |     3 |     4 ||     7
    Use: Scroll            |       |     6 ||     6
         Potion            |       |     4 ||     4
   Stab: Sleeping          |     7 |     3 ||    10
 Armour: Robe              |    10 |       ||    10
         Leather armour    |       |    33 ||    33
  Dodge: Dodged            |    14 |    60 ||    74

Table legend: (Time is in decaauts)
 A = Elapsed time spent in this place.
 B = Non-inter-level travel time spent in this place.
 C = Inter-level travel time spent in this place.
 D = Time resting spent in this place.
 E = Time spent auto-exploring this place.
 F = Levels seen in this place.
 G = Mean time per level.
                   A        B        C        D        E       F      G
               +--------+--------+--------+--------+--------+-----+--------+
         Total |   4379 |   4305 |     74 |   2231 |    810 |   3 | 1459.7 |
       Dungeon |   4379 |   4305 |     74 |   2231 |    810 |   3 | 1459.7 |
               +--------+--------+--------+--------+--------+-----+--------+

Top non-repeatable levels by time:
     D:2: 2433 daAuts
     D:1: 1855 daAuts
     D:3: 89 daAuts
